 Dungeon Crawl Stone Soup version 0.22-a0-609-gfedc9ff (webtiles) character file.

48 EuclidGuy the Grave Robber (level 3, 0/25 HPs)
             Began as a Mummy Necromancer on July 11, 2018.
             Slain by a shadow imp (2 damage)
             ... on level 5 of the Dungeon.
             The game lasted 00:13:59 (1997 turns).

EuclidGuy the Grave Robber (Mummy Necromancer)      Turns: 1997, Time: 00:14:00

Health: 0/25       AC:  3    Str: 12    XL:     3   Next: 50%
Magic:  2/7        EV:  9    Int: 14    God:
Gold:   112        SH:  0    Dex: 12    Spells: 7/8 levels left

rFire    x . .     SeeInvis .   o - +1 hunting sling
rCold    + . .     Gourm    .   (no shield)
rNeg     + + +     Faith    .   m - +0 scale mail (curse)
rPois    ∞         Spirit   .   (no helmet)
rElec    .         Reflect  .   l - +0 cloak
rCorr    .         Harm     .   (no gloves)
MR       .....                  (no boots)
Stlth    ..........             e - amulet of rage
HPRegen  0.08/turn              (no ring)
MPRegen  0.10/turn              (no ring)

@: corroded, very slightly contaminated
A: no food or potions, fire vulnerability, cold resistance 1, negative energy
resistance 3, torment resistance, unbreathing
a: no special abilities


You were on level 5 of the Dungeon.
You were not hungry.

You visited 1 branch of the dungeon, and saw 5 of its levels.

You collected 112 gold pieces.

Inventory:

Hand Weapons
 b - a +0 hunting sling
 o - a +1 hunting sling (weapon)
Missiles
 h - 62 stones (quivered)
 i - 10 poisoned needles
 n - 15 arrows
Armour
 a - a +1 robe
 j - a +0 leather armour
 l - a +0 cloak (worn)
 m - a cursed +0 scale mail (worn)
 p - a +0 helmet
Jewellery
 e - an amulet of rage (around neck)
Scrolls
 c - a scroll of enchant armour
 d - a scroll of fog
 k - a scroll of teleportation
Potions
 f - a potion of agility {unknown}


   Skills:
 + Level 0.8 Fighting
 + Level 1.9 Dodging
 - Level 1.6 Stealth
 + Level 3.3 Spellcasting
 + Level 4.6 Necromancy


You had 7 spell levels left.
You knew the following spells:

 Your Spells              Type           Power        Failure   Level  Hunger
a - Pain                  Necr           ###.         17%         1    N/A

Your spell library contained the following spells:

 Spells                   Type           Power        Failure   Level  Hunger
 Animate Dead             Necr           N/A          86%         4    N/A
 Animate Skeleton         Necr           N/A          17%         1    N/A
 Vampiric Draining        Necr           ###.......   45%         3    N/A
 Regeneration             Chrm/Necr      #.........   80%         3    N/A

Dungeon Overview and Level Annotations

Branches:
Dungeon (5/15)
 Temple: D:4-7

Altars:
Okawaru


Innate Abilities, Weirdness & Mutations

You do not eat or drink.
Your flesh is vulnerable to fire.
You are immune to poison.
Your flesh is cold resistant. (rC+)
You are immune to negative energy. (rN+++)
You are immune to unholy pain and torment.
You can survive without breathing.


Message History

The shadow imp picks up a beetle and eats it.
The shadow imp barely misses you. The jelly completely misses you.
You clumsily bash the shadow imp but do no damage.
The shadow imp hits you. The jelly barely misses you.
You barely miss the shadow imp. The shadow imp barely misses you.
The jelly hits you. The acid corrodes you!
You are splashed with acid!
The acid burns!
* * * LOW HITPOINT WARNING * * *
The shadow imp hits you.
* * * LOW HITPOINT WARNING * * *
The jelly hits you but does no damage.
You clumsily bash the shadow imp but do no damage.
The shadow imp laughs crazily.
The shadow imp hits you but does no damage.
The jelly hits you but does no damage.
You clumsily bash the shadow imp but do no damage.
The shadow imp hits you.
* * * LOW HITPOINT WARNING * * *
The jelly barely misses you. The shadow imp hits you.
You die...

.... ... >.##
... ###.. .a.
#J# #@# #5# #
#.# .# #.# #.#
#.# #.#
#.######.#
##..†....##
#............#
.......#####.#.#


You could see a jelly, a worker ant and a shadow imp.

Vanquished Creatures
  2 adders
  A dart slug (D:1)
  7 bats
  4 goblins
  A hobgoblin (D:2)
  5 kobolds
  5 frilled lizards
  4 rats (D:1)
29 creatures vanquished.

Notes
Turn   | Place    | Note
-------+----------+-------------------------------------------
     0 | D:1      | EuclidGuy the Mummy Necromancer began the quest for the Orb.
     0 | D:1      | Reached XP level 1. HP: 13/13 MP: 4/4
   263 | D:1      | Reached XP level 2. HP: 12/19 MP: 0/5
   911 | D:2      | Found an iron altar of Okawaru.
  1438 | D:2      | Reached XP level 3. HP: 18/25 MP: 0/7
  1756 | D:2      | You fall through a shaft!
  1955 | D:5      | Entered Level 5 of the Dungeon
  1997 | D:5      | Slain by a shadow imp

Vault maps used:
D:1:      eino_arrival_cavern_c
D:2:      old_standard_altar, nrook_loot_triangle
D:3:      grunt_temple_overflow_open, first_ration
D:5:      fedhas_altar_3, minmay_temple_entry_hall, grunt_ministairs_14,
          lightli_corner_chamber

Skill      XL: |  1  2 |
---------------+-------+-----
Spellcasting   | 3 |  3.3
Fighting       | |  0.8
Dodging        | |  1.9
Stealth        | |  1.6
Necromancy     | |  4.6

Action                   || total
-------------------------++-------
Melee: Hunting sling     ||    15
 Fire: Hunting sling     ||     3
 Cast: Pain              ||    78
  Use: Scroll            ||     4
Armor: Scale mail        ||    32
       Robe              ||     3
Dodge: Dodged            ||    41

Table legend:
 A = Spawn XP
 B = Non-spawn XP
 C = Spawn XP percentage of total XP
 D = Spawn monster count
 E = Non-spawn monster count
 F = Spawn count percentage of total count
 G = Total turns spent on level
                    A         B        C        D         E        F      G
               +---------+---------+-------+---------+---------+-------+---------
         Total |       0 |      69 |   0.0 |       0 |      29 |   0.0 |  1997
               +---------+---------+-------+---------+---------+-------+---------
           D:1 |       0 |      21 |   0.0 |       0 |      13 |   0.0 |   839
           D:2 |       0 |      34 |   0.0 |       0 |      14 |   0.0 |   719
           D:4 |       0 |       1 |   0.0 |       0 |       1 |   0.0 |   171
           D:5 |       0 |      13 |   0.0 |       0 |       1 |   0.0 |    42
               +---------+---------+-------+---------+---------+-------+---------
